 Dungeon Crawl Stone Soup version 0.30-a0-715-gdb4ae3ece1 (webtiles) character file.

Game seed: 15528030762696639199

72 hikkokomori the Trooper (level 4, -3/37 HPs)
             Began as a Mummy Fighter on Jan 24, 2023.
             Slain by Grinder (5 damage)
             ... while paralysed by Grinder
             ... on level 3 of the Dungeon.
             The game lasted 00:02:46 (2025 turns).

hikkokomori the Trooper (Mummy Fighter)             Turns: 2025, Time: 00:02:47

Health: -3/37      AC:  4    Str: 24    XL:     4   Next: 6%
Magic:  4/4        EV:  2    Int:  7    God:
Gold:   123        SH:  0    Dex: 11    Spells: 3/3 levels left

rFire   x . .      SeeInvis .    a - +0 war axe
rCold   + . .      Faith    +    c - +0 buckler
rNeg    + + +      Spirit   .    j - +0 leather armour of the Minstrel {rElec rPois rN+ Str+3}
rPois   ∞          Reflect  .    h - +0 helmet
rElec   +          Harm     .    (no cloak)
rCorr   .          Rampage  .    (no gloves)
Will    .....                    (no boots)
Stlth   +                        (no amulet)
HPRegen 0.26/turn                (no ring)
MPRegen 0.09/turn                (no ring)

@: paralysed
A: cold resistance 1, negative energy resistance 3, torment resistance 2, heat
vulnerability 1, in touch with death 1, no potions, faith
a: no special abilities


You were on level 3 of the Dungeon.
You visited 1 branch of the dungeon, and saw 3 of its levels.

You collected 123 gold pieces.

Inventory:

Hand Weapons
 a - a +0 war axe (weapon)
 g - a +2 rapier of venom
Armour
 b - a +0 scale mail
 c - a +0 buckler (worn)
 e - a +0 chain mail
 h - a +0 helmet (worn)
 j - the +0 leather armour of the Minstrel (worn) {rElec rPois rN+ Str+3}
   (You found it on level 2 of the Dungeon)

   Str:       It affects your strength (+3).
   rElec:     It insulates you from electricity.
   rPois:     It protects you from poison.
   rN:        It protects you from negative energy.
Wands
 i - a wand of digging (9)
Scrolls
 f - a scroll of blinking {unknown}


   Skills:
 + Level 3.7 Fighting
 + Level 2.4 Axes
 - Level 2.4 Armour
 + Level 3.0 Shields


You had 3 spell levels left.
You didn't know any spells.
Your spell library contained the following spells:

 Spells                   Type           Power      Damage    Failure   Level
 Sting                    Tmut/Pois      0%         1d3       56%         1
 Poisonous Vapours        Pois/Air       0%         N/A       71%         2
 Olgreb's Toxic Radiance  Pois           0%         N/A       100%        4


Dungeon Overview and Level Annotations

Branches:
Dungeon (3/15)

Altars:

Annotations:
D:3 Grinder


Innate Abilities, Weirdness & Mutations

You are immune to poison.
Your flesh is cold resistant. (rC+)
You are immune to negative energy. (rN+++)
You are immune to unholy pain and torment.
You are vulnerable to heat. (rF-)
You are in touch with the powers of death.
You do not drink.
You have a special connection with the divine. (Faith)


Message History

Found a stone staircase leading up.
A goblin comes into view. It is wielding a +0 club.
The goblin shouts!
A goblin is nearby!
Grinder comes into view.
The goblin barely misses you.
You closely miss the goblin.
Grinder shouts!
You block the goblin's attack. x2
You slash the goblin!
You kill the goblin!
Things that are here:
a +0 club; 7 gold pieces; a goblin corpse You closely miss Grinder.
Grinder hits you. Grinder closely misses you.
You hit Grinder.
Grinder is lightly wounded.
Grinder hits you!
You closely miss Grinder.
Grinder is lightly wounded.
Grinder barely misses you. Grinder hits you.
You barely miss Grinder.
Grinder is lightly wounded.
Grinder barely misses you.
You hit Grinder.
Grinder is moderately wounded.
Grinder blinks!
Grinder gestures at you. You resist with significant effort.
You slash Grinder!
Grinder is severely wounded.
Grinder hits you. Grinder gestures at you.
You suddenly lose the ability to move!
Grinder hits you!
* * * LOW HITPOINT WARNING * * *
Grinder says, "Wait up."
Grinder hits you!
* * * LOW HITPOINT WARNING * * *
Grinder hits you.
You die...

###### ######+#....#######
#...........#.....#
#...........#.###.#
#................<#
#.......###.......#######.
#.......# #..[............
........###....5@.)#
.....)...##........#
..###....##........# ..#
#....##........# ..#
#................ ..#
#..........###.... ..#
#..........# ##....
..#####........# .... ...#
...... ...


You could see Grinder.

Vanquished Creatures
  Terence (D:3)
  An adder (D:2)
  2 dart slugs (D:1)
  3 ball pythons
  4 endoplasms
  A giant cockroach (D:1)
  4 goblins
  2 hobgoblins
  5 bats
  2 frilled lizards (D:2)
  5 kobolds
  3 rats
33 creatures vanquished.

Notes
Turn   | Place    | Note
-------+----------+-------------------------------------------
     0 | D:1      | hikkokomori the Mummy Fighter began the quest for the Orb.
     0 | D:1      | Reached XP level 1. HP: 18/18 MP: 1/1
   319 | D:1      | Reached XP level 2. HP: 24/24 MP: 2/2
  1200 | D:2      | Identified the +0 leather armour of the Minstrel {rElec
                  | rPois rN+ Str+3}
  1221 | D:2      | Gained mutation: You are in touch with the powers of death.
                  | [Mummy growth]
  1221 | D:2      | Reached XP level 3. HP: 29/29 MP: 3/3
  1259 | D:2      | Found a faded altar of an unknown god.
  1866 | D:3      | Noticed Terence
  1882 | D:3      | Killed Terence
  1883 | D:3      | Reached XP level 4. HP: 7/37 MP: 4/4
  2010 | D:3      | Noticed Grinder
  2022 | D:3      | Paralysed by Grinder for 4 turns
  2025 | D:3      | Slain by Grinder

Illustrated notes

Levels and vault maps discovered:
D:1:      lightli_arrival_noodles, layout_loops_corners, serial_aquarium,
          aquarium_bridge_long_joined [aquarium_subvault_wall,
          aquarium_subvault_wall, aquarium_subvault_bridge,
          aquarium_subvault_wall, aquarium_subvault_window,
          aquarium_subvault_bridge], aquarium_window_fake,
          aquarium_window_double, aquarium_window_2, aquarium_view_2d,
          aquarium_view_2d, aquarium_balcony_1b
D:2:      layout_basic, nicolae_ecumenical_lake_church, kennysheep_doodads,
          minmay_misc_feat_five, minmay_liquid_box
D:3:      layout_basic, mainiacjoe_overflow_brackets,
          ebering_ghost_disaster_area, uniq_terence, uniq_jessica, uniq_grinder

Skill      XL: |  1  2  3 |
---------------+----------+-----
Axes           | 2 |  2.4
Shields        | 3 |  3.0
Fighting       | |  3.7
Armour         | |  2.4

Action                     |  1- 3 |  4- 6 || total
---------------------------+-------+-------++-------
  Melee: War axe           |   118 |     8 ||   126
    Use: Scroll            |     1 |       ||     1
 Armour: Chain mail        |    52 |       ||    52
         Scale mail        |     4 |       ||     4
         Leather armour    |    18 |       ||    18
  Dodge: Dodged            |    62 |     4 ||    66
  Block: Buckler           |    37 |     2 ||    39

Table legend: (Time is in decaauts)
 A = Elapsed time spent in this place.
 B = Non-inter-level travel time spent in this place.
 C = Inter-level travel time spent in this place.
 D = Time resting spent in this place.
 E = Time spent auto-exploring this place.
 F = Levels seen in this place.
 G = Mean time per level.
                   A        B        C        D        E       F      G
               +--------+--------+--------+--------+--------+-----+--------+
         Total |   2083 |   1999 |     84 |      0 |   1634 |   3 |  694.3 |
       Dungeon |   2083 |   1999 |     84 |      0 |   1634 |   3 |  694.3 |
               +--------+--------+--------+--------+--------+-----+--------+

Top non-repeatable levels by time:
     D:1: 1031 daAuts
     D:2: 854 daAuts
     D:3: 198 daAuts
